 Dungeon Crawl Stone Soup version 0.18.1-5-g4a78601 (webtiles) character file.

12208 manyhoops the Cleaver (level 11, -24/90 HPs)
             Began as a Mummy Gladiator on May 12, 2016.
             Was a High Priest of Okawaru.
             Annihilated by a titanic slime creature (41 damage)
             ... on level 12 of the Dungeon.
             The game lasted 00:33:38 (14219 turns).

manyhoops the Cleaver (Mummy Gladiator)            Turns: 14219, Time: 00:33:39

Health: -24/90     AC: 16    Str: 22    XL:     11   Next: 59%
Magic:  11/11      EV:  2    Int:  8    God:    Okawaru [*****.]
Gold:   301        SH:  0    Dex: 12    Spells: 1 memorised, 9 levels left

rFire  x . .     SeeInvis .     w - +3 battleaxe (elec)
rCold  + . .     Gourm    .     i - +0 plate armour
rNeg   + + +     Faith    .     (shield currently unavailable)
rPois  ∞         Spirit   .     c - +0 helmet
rElec  .         Dismiss  .     (no cloak)
rCorr  .         Reflect  +     (no gloves)
SustAt .         Harm     .     e - +0 pair of boots
MR     +....                    r - +3 amulet of reflection
Stlth  ..........               (no ring)
                                (no ring)

@: petrified, somewhat resistant to hostile enchantments, extremely unstealthy
A: no food or potions, fire vulnerability, cold resistance 1, negative energy
resistance 3, torment resistance, unbreathing
a: Heroism, Finesse, Renounce Religion


You were on level 12 of the Dungeon.
You worshipped Okawaru.
Okawaru was extremely pleased with you.
You were not hungry.

You visited 1 branch of the dungeon, and saw 13 of its levels.

You collected 601 gold pieces.
You spent 300 gold pieces at shops.

Inventory:

Hand Weapons
 o - a +2 falchion of flaming
 t - a +4 flail of protection
 u - a +2 vampiric executioner's axe
 w - a +3 battleaxe of electrocution (weapon)
Missiles
 d - 4 throwing nets (quivered)
Armour
 b - a +1 ring mail of fire resistance
 c - a +0 helmet (worn)
 e - a +0 pair of boots (worn)
 h - a +0 chain mail
 i - a +0 plate armour (worn)
Jewellery
 r - a +3 amulet of reflection (around neck)
 A - an uncursed ring of protection from fire {unknown}
Wands
 k - a wand of polymorph (3/24)
 v - a wand of polymorph (13/24)
 x - a wand of paralysis (9/24)
 z - a wand of teleportation (3/9)
Scrolls
 f - 7 scrolls of remove curse
 g - 4 scrolls of identify
 j - a scroll of enchant armour
 l - 3 scrolls of fear
 n - 3 scrolls of recharging
 q - 2 scrolls of immolation
 y - a scroll of fog {unknown}
Books
 m - a Necronomicon

   Spells                             Type                      Level
   a - Haunt                          Necromancy/Summoning         7
   b - Borgnjor's Revivification      Necromancy                   8
   c - Death's Door                   Charms/Necromancy            8
   d - Necromutation                  Transmutation/Necromancy     8
 p - a Young Poisoner's Handbook

   Spells                             Type                      Level
   a - Sting                          Conjuration/Poison           1
   b - Cure Poison                    Poison                       2
   c - Mephitic Cloud                 Conjuration/Poison/Air       3
   d - Olgreb's Toxic Radiance        Poison                       4
   e - Venom Bolt                     Conjuration/Poison           5
 s - a book of Maledictions

   Spells                             Type                      Level
   a - Corona                         Hexes                        1
   b - Ensorcelled Hibernation        Hexes/Ice                    2
   c - Confuse                        Hexes                        3
   d - Tukima's Dance                 Hexes                        3
   e - Dazzling Spray                 Conjuration/Hexes            3


   Skills:
 + Level 9.8 Fighting
 - Level 0.1 Long Blades
 + Level 10.5 Axes
 - Level 1.5 Throwing
 + Level 8.8 Armour
 - Level 2.4 Dodging
 - Level 1.1 Invocations


You had 9 spell levels left.
You knew the following spells:

 Your Spells              Type           Power        Failure   Level  Hunger
a - Corona                Hex            #......      100%        1    N/A

Dungeon Overview and Level Annotations

Branches:
Dungeon (13/15)            Temple (0/1) D:7            Lair (0/8) D:9
    Orc: D:9-12      Vaults: D:13-14

Altars:
Ashenzari
Gozag
Makhleb
Nemelex Xobeh
Okawaru
Qazlal
Sif Muna
Vehumet
Yredelemnul
Zin

Shops:
D:4 (   D:9 !   D:10 =   D:11 [

Annotations:
D:9 exclusion: obsidian statue
D:12 Azrael


Innate Abilities, Weirdness & Mutations

You do not eat or drink.
Your flesh is vulnerable to fire.
You are immune to poison.
Your flesh is cold resistant.
You are immune to negative energy.
You are immune to unholy pain and torment.
You can survive without breathing.


Message History

A basilisk, 2 giant frogs and a centaur warrior come into view.
The centaur warrior shouts!
The basilisk hisses angrily.
There is a stone staircase leading up here.
You completely miss the centaur warrior.
The centaur warrior hits you but does no damage.
The basilisk gazes at you.
You are slowing down.
The centaur warrior hits you!
The giant frog hits you but does no damage.
The centaur warrior hits you but does no damage.
The giant frog hits you. The centaur warrior hits you.
Your limbs are stiffening.
You climb upwards.
Level annotation: Azrael The titanic slime creature hits you!!! x2
* * * LOW HITPOINT WARNING * * *
You have turned to stone.
The centaur warrior hits you but does no damage.
The titanic slime creature hits you!!!!
You die...

#.# #.######## #........# ###
### ########.##########.# ..#
##### #............# ..# #...#
#..#########.# ..# #...# #..#
#.# ..#######...######..# #.#
........'......c@#..# #.#
..#######...#.##J#..#########.#
### #...#.##.#..#.......#.#
#...#J##.#..#.#####.#.#
#####.##.#..#.# #.#.# ####
#.##.#..#.# #.#.#
....#######.##.#..#.# #.#.#
#.....J..(##.#..#.# #.#(#
#.........##.#..#.# #.#.#


You could see a titanic slime creature and a centaur warrior.

Vanquished Creatures
  Maud (D:10)
  Harold (D:10)
  A hydra (D:8)
  A hill giant (D:11)
  A manticore (D:12)
  Psyche (D:10)
  A kobold demonologist (D:11)
  2 wraiths
  7 yaks
  A wyvern (D:11)
  A steam dragon (D:12)
  3 vampire mosquitoes (D:12)
  Edmund (D:4)
  2 hell hounds (D:11)
  2 water moccasins
  2 black bears
  2 ice beasts
  3 orc warriors
  2 phantoms
  3 sky beasts
  A necrophage (D:8)
  3 ogres
  An eye of draining (D:10)
  A centaur (D:8)
  6 big kobolds
  Blork the orc (D:4)
  5 giant frogs
  A gnoll sergeant (D:8)
  4 scorpions
  5 killer bees (D:12)
  3 wights (D:11)
  6 howler monkeys
  3 centaur zombies
  7 crimson imps
  2 giant frog zombies (D:11)
  A quasit (D:8)
  4 hounds
  4 giant frog skeletons
  2 orc priests
  3 centaur skeletons
  4 orc wizards
  4 iguanas
  Natasha (twice) (D:3)
  8 worker ants
  2 sheep (D:8)
  2 hound skeletons
  Robin (D:3)
  14 adders
  16 gnolls
  A howler monkey skeleton (D:8)
  A shadow imp (D:7)
  An ooze (D:2)
  An adder zombie (D:8)
  An adder skeleton (D:4)
  2 worms
  A dart slug (D:1)
  5 giant geckos
  39 orcs
  7 bats
  3 giant cockroaches
  9 goblins
  11 hobgoblins
  13 jackals
  5 quokkas
  2 ball pythons
  6 giant newts
  A jackal skeleton (D:4)
  21 kobolds
  A quokka zombie (D:7)
  4 rats (D:2)
289 creatures vanquished.

Vanquished Creatures (others)
  A crocodile (D:9)
  A giant frog skeleton (D:12)
  A plant (D:8)
3 creatures vanquished.

Grand Total: 292 creatures vanquished

Notes
Turn   | Place    | Note
--------------------------------------------------------------
     0 | D:1      | manyhoops the Mummy Gladiator began the quest for the Orb.
     0 | D:1      | Reached XP level 1. HP: 16/16 MP: 1/1
   210 | D:1      | Reached XP level 2. HP: 13/22 MP: 2/2
   546 | D:1      | Reached skill level 3 in Axes
   966 | D:2      | Found a deep blue altar of Sif Muna.
  1045 | D:2      | Reached XP level 3. HP: 18/27 MP: 3/3
  1175 | D:2      | Found a stormy altar of Qazlal.
  1589 | D:3      | Found a shattered altar of Ashenzari.
  1589 | D:3      | Found a stormy altar of Qazlal.
  1618 | D:3      | Reached XP level 4. HP: 29/34 MP: 4/4
  1677 | D:3      | Noticed Natasha
  1688 | D:3      | Killed Natasha
  1688 | D:3      | Reached skill level 1 in Armour
  1800 | D:3      | Found an opulent altar of Gozag.
  2195 | D:3      | Noticed Natasha
  2200 | D:3      | Killed Natasha
  2200 | D:3      | Reached XP level 5. HP: 38/41 MP: 5/5
  2459 | D:4      | Noticed Robin
  2464 | D:3      | Reached skill level 4 in Axes
  2472 | D:3      | Killed Robin
  2800 | D:4      | Noticed Blork the orc
  2805 | D:4      | Reached XP level 6. HP: 26/47 MP: 6/6
  2814 | D:4      | Killed Blork the orc
  2815 | D:4      | Noticed Edmund
  3072 | D:4      | Found Juesch's Antique Weapon Shoppe.
  3258 | D:4      | Found an iron altar of Okawaru.
  3283 | D:4      | Became a worshipper of Warmaster Okawaru
  3702 | D:5      | Entered Level 5 of the Dungeon
  3751 | D:5      | Noticed a sky beast
  3762 | D:5      | Killed a sky beast
  3762 | D:5      | Reached skill level 5 in Axes
  3762 | D:5      | Reached XP level 7. HP: 47/54 MP: 7/7
  4487 | D:6      | Noticed a hill giant
  5115 | D:4      | Killed Edmund
  5301 | D:4      | Bought a runed executioner's axe for 300 gold pieces
  5377 | D:4      | Found a glowing silver altar of Zin.
  5720 | D:7      | Found a staircase to the Ecumenical Temple.
  5775 | D:7      | Reached * piety under Okawaru
  5775 | D:7      | Reached XP level 8. HP: 35/61 MP: 8/8
  6018 | D:7      | Reached skill level 1 in Invocations
  6199 | D:7      | Reached skill level 5 in Armour
  6200 | D:7      | Found a basalt altar of Yredelemnul.
  6303 | D:7      | Reached skill level 5 in Fighting
  6303 | D:7      | Reached skill level 6 in Axes
  7153 | D:6      | Reached ** piety under Okawaru
  7174 | D:6      | Identified a scroll of acquirement
  7626 | D:7      | Reached XP level 9. HP: 69/69 MP: 9/9
  7941 | D:8      | Reached skill level 7 in Axes
  8396 | D:8      | Reached *** piety under Okawaru
  8927 | D:8      | Noticed a three-headed hydra
  9321 | D:9      | Found a staircase to the Lair.
  9420 | D:9      | Noticed an obsidian statue
  9557 | D:9      | Found Piomoqaw's Distillery.
  9585 | D:9      | Found a sparkling altar of Nemelex Xobeh.
  9745 | D:9      | Reached skill level 8 in Axes
 10030 | D:10     | Entered Level 10 of the Dungeon
 10030 | D:10     | Noticed Harold
 10289 | D:8      | Killed a one-headed hydra
 10289 | D:8      | Reached **** piety under Okawaru
 10289 | D:8      | Reached XP level 10. HP: 52/79 MP: 7/10
 10330 | D:8      | Found a radiant altar of Vehumet.
 10331 | D:8      | Found a burning altar of Makhleb.
 10613 | D:10     | Noticed Psyche
 10919 | D:10     | Killed Harold
 10919 | D:10     | Reached ***** piety under Okawaru
 10919 | D:10     | Reached skill level 9 in Axes
 10964 | D:10     | Killed Psyche
 11014 | D:10     | Noticed Maud
 11028 | D:10     | Killed Maud
 11028 | D:10     | Received a gift from Okawaru
 11382 | D:10     | Reached XP level 11. HP: 69/89 MP: 8/11
 11415 | D:10     | Found Ucyrch's Jewellery Shoppe.
 11678 | D:11     | Noticed a hill giant
 12135 | D:11     | Learned a level 1 spell: Corona
 12186 | D:11     | Found Ynisokot's Armour Boutique.
 12269 | D:11     | Noticed a hill giant
 12277 | D:11     | Killed a hill giant
 12277 | D:11     | Reached skill level 10 in Axes
 13528 | D:12     | Noticed Azrael
 13537 | D:11     | Received a gift from Okawaru
 14215 | D:13     | Noticed a centaur warrior
 14219 | D:12     | Annihilated by a titanic slime creature

Skill      XL: |  1  2  3  4  5  6  7  8  9 10 11 |
---------------+----------------------------------+-----
Axes           | 3 4 5 6 8 9 10 | 10.5
Armour         | 1 2 3 4 5 7 8 |  8.8
Fighting       | 3 4 5 7 9 |  9.8
Invocations    | 1 |  1.1
Long Blades    | |  0.1
Throwing       | |  1.5
Dodging        | |  2.4

Action                   |  1- 3 |  4- 6 |  7- 9 | 10-12 || total
-------------------------+-------+-------+-------+-------++-------
Melee: War axe           |   114 |   213 |    87 |       ||   414
       Executioner's axe |       |       |   441 |    97 ||   538
       Falchion          |       |       |     4 |       ||     4
       Flail             |       |       |     2 |       ||     2
       Battleaxe         |       |       |       |   195 ||   195
Invok: Heroism           |       |       |     2 |     8 ||    10
  Use: Scroll            |       |     4 |    11 |       ||    15
Armor: Leather armour    |    14 |       |       |       ||    14
       Ring mail         |    11 |    49 |       |       ||    60
       Scale mail        |    25 |     8 |       |       ||    33
       Chain mail        |       |    84 |   416 |       ||   500
       Plate armour      |       |       |    55 |   246 ||   301
Dodge: Dodged            |    72 |   129 |   282 |   125 ||   608
Block: Other             |       |       |    72 |    31 ||   103
       Reflection        |       |       |     3 |     1 ||     4
